AoeStats
← Noroad

Arena

510531990Analyzed
4v4 RM · 8h ago on Oct 1, 2026· 58m 55s· 8 players
Game mode
Random Map
Map size
Large (8 player)
Population
200
Speed
Normal
Resources
Standard
Victory
Conquest
Starting age
Dark Age
Ending age
Imperial Age
RankedLock teamsTeams togetherTeam positionsShared explorationLock speedFull tech treeHidden civsTurbo modeCheats
Victory
Defeat
🇮🇹 Vikings · Italy
1459
+8
🇮🇹 Persians · Italy
1362
+12
🇮🇹 Bohemians · Italy
1331
+13
🇮🇹 Cumans · Italy
1205
+18
1298
-14
🇨🇳 Mongols · China
1283
-13
🇨🇳 Danes · China
1243
-12
🇨🇳 Khmer · China
1242
-12
随机便投
10:32 Feudal Age
14:16 Castle Age
13:04 Double-Bit Axe
13:03 Horse Collar
17:10 Loom
22:06 Wheelbarrow
23:06 Bow Saw
23:22 Heavy Plow
23:30 Gold Mining
23:33 Stone Mining
25:23 Hand Cart
26:18 Gold Shaft Mining
26:19 Stone Shaft Mining
28:11 Fortified Wall
29:09 Forging
29:04 Scale Barding Armor
31:58 Imperial Age
29:08 Light Cavalry
29:59 Bloodlines
29:49 Husbandry
30:51 Iron Casting
31:33 Chain Barding Armor
31:10 Murder Holes
32:13 Elite Battle Elephant
32:14 Hussar
33:40 Crop Rotation
35:28 Blast Furnace
35:04 Plate Barding Armor
36:36 Conscription
39:11 Elite Ballista Elephant
42:34 Siege Engineers
42:59 Double Crossbow
44:35 Tusk Swords
45:15 Elite Ballista Elephant
46:51 Hoardings
50:06 Chemistry
轻绘梨花泪满衣
11:02 Feudal Age
11:49 Double-Bit Axe
12:04 Horse Collar
14:57 Castle Age
16:53 Loom
20:39 Bow Saw
20:37 Scale Mail Armor
28:02 Chain Mail Armor
32:45 Wheelbarrow
34:06 Gold Mining
34:07 Stone Mining
35:17 Hand Cart
37:42 Imperial Age
35:54 Town Watch
35:55 Loom
36:30 Squires
36:15 Arson
36:16 Gambesons
37:03 Heavy Plow
36:29 Pikeman
36:43 Man-at-Arms
37:44 Treadmill Crane
38:15 Masonry
38:30 Ballistics
39:09 Plate Mail Armor
38:50 Forging
38:04 Long Swordsman
39:27 Kataparuto
39:28 Conscription
38:57 Halberdier
39:31 Two-Handed Swordsman
40:23 Elite Samurai
42:09 Town Patrol
42:39 Fortified Wall
43:30 Chemistry
44:27 Hoardings
43:42 Arrowslits
43:48 Guard Tower
Noroad
10:52 Feudal Age
12:03 Double-Bit Axe
14:54 Castle Age
12:48 Horse Collar
16:24 Loom
17:14 Wheelbarrow
17:13 Scale Mail Armor
18:22 Gold Mining
26:17 Gold Shaft Mining
26:20 Bow Saw
26:42 Arson
26:57 Squires
27:32 Forging
27:39 Chain Mail Armor
29:30 Forging
31:19 Hand Cart
35:05 Imperial Age
33:10 Stone Mining
34:08 Town Watch
35:05 Iron Casting
35:13 Stone Shaft Mining
35:02 Hamask
36:09 Conscription
35:10 Hamask
36:22 Plate Mail Armor
36:55 Blast Furnace
35:39 Capped Ram
36:42 Elite Jomsviking
38:17 Heavy Plow
38:47 Siege Engineers
43:02 Siege Ram
43:14 Northmen's Fury
45:40 Fletching
46:42 Bodkin Arrow
47:06 Masonry
50:33 Bracer
49:58 Pikeman
51:44 Murder Holes
916036581
10:12 Feudal Age
12:05 Double-Bit Axe
12:02 Horse Collar
14:32 Castle Age
15:39 Bow Saw
15:31 Heavy Plow
20:35 Caravan
29:26 Imperial Age
27:13 Husbandry
27:23 Bloodlines
28:19 Padded Archer Armor
28:09 Fletching
28:45 Scale Barding Armor
28:51 Forging
29:19 Leather Archer Armor
28:53 Loom
29:43 Wheelbarrow
28:53 Town Watch
29:36 Bloodlines
28:47 Light Cavalry
29:28 Bodkin Arrow
29:38 Gold Mining
31:09 Gold Shaft Mining
30:27 Stone Mining
32:01 Iron Casting
31:30 Onager
32:51 Conscription
32:52 Drill
33:23 Ballistics
34:23 Chemistry
33:06 Elite Steppe Lancer
34:31 Stone Shaft Mining
35:28 Blast Furnace
35:10 Chain Barding Armor
35:33 Hand Cart
Tattico87
10:34 Feudal Age
14:10 Castle Age
12:37 Double-Bit Axe
15:25 Horse Collar
21:08 Town Watch
21:10 Loom
22:57 Heavy Plow
24:55 Fletching
25:59 Wheelbarrow
26:05 Wheelbarrow
29:21 Imperial Age
28:21 Chemistry
28:56 Hand Cart
29:45 Forging
29:36 Scale Mail Armor
30:57 Bow Saw
31:03 Houfnice
32:39 Pikeman
33:19 Squires
33:44 Chain Mail Armor
34:21 Iron Casting
33:40 Halberdier
36:14 Plate Mail Armor
38:04 Blast Furnace
39:25 Ballistics
39:17 Masonry
39:39 Conscription
39:26 Wagenburg Tactics
41:26 Padded Archer Armor
48:24 Leather Archer Armor
48:17 Man-at-Arms
49:53 Sanctity
49:40 Hussite Reforms
51:58 Sanctity
51:48 Redemption
51:55 Block Printing
52:51 Theocracy
57:12 Hussite Reforms
Mich
9:22 Feudal Age
10:14 Double-Bit Axe
10:12 Horse Collar
17:29 Gold Mining
20:59 Castle Age
20:04 Bloodlines
20:01 Scale Barding Armor
20:13 Forging
24:10 Iron Casting
26:32 Chain Barding Armor
34:00 Imperial Age
34:48 Wheelbarrow
34:54 Loom
34:37 Pikeman
35:18 Squires
35:04 Arson
35:21 Halberdier
37:48 Scale Mail Armor
38:48 Blast Furnace
38:05 Bow Saw
37:55 Heavy Plow
39:58 Chain Mail Armor
39:35 Fletching
39:46 Padded Archer Armor
40:15 Ballistics
40:56 Chemistry
40:08 Masonry
41:11 Two-Man Saw
40:10 Capped Ram
41:40 Conscription
42:01 Steppe Husbandry
42:10 Bodkin Arrow
42:31 Leather Archer Armor
44:33 Ring Archer Armor
45:49 Plate Mail Armor
46:03 Cuman Mercenaries
46:33 Hand Cart
48:39 Plate Barding Armor
47:32 Elite Kipchak
48:40 Parthian Tactics
49:08 Siege Ram
49:57 Caravan
55:13 Onager
57:07 Crop Rotation
Catipan Dixlesya
10:59 Feudal Age
14:29 Castle Age
12:30 Double-Bit Axe
12:38 Horse Collar
14:40 Scale Mail Armor
18:00 Squires
17:45 Arson
19:07 Chain Mail Armor
21:05 Bow Saw
28:23 Loom
29:03 Gold Mining
29:03 Stone Mining
32:55 Imperial Age
31:17 Forging
31:54 Gold Shaft Mining
31:47 Fortified Wall
33:07 Iron Casting
33:00 Elite Berserk
34:10 Conscription
34:25 Plate Mail Armor
34:41 Masonry
34:55 Chieftains
35:57 Architecture
37:18 Chemistry
37:21 Blast Furnace
36:25 Capped Ram
37:49 Siege Ram
38:41 Heavy Plow
40:11 Hoardings
41:33 Two-Man Saw
43:14 Siege Engineers
43:06 Murder Holes
43:25 Fletching
47:12 Coinage
47:50 Treadmill Crane
48:31 Ballistics
47:58 Arrowslits
48:10 Bodkin Arrow
49:19 Banking
50:49 Caravan
Nick
10:55 Feudal Age
14:28 Castle Age
12:28 Double-Bit Axe
12:32 Horse Collar
21:04 Heavy Plow
22:08 Bow Saw
22:52 Wheelbarrow
23:46 Forging
23:36 Scale Mail Armor
23:58 Scale Barding Armor
25:33 Iron Casting
25:28 Gold Mining
26:07 Chain Barding Armor
26:20 Bloodlines
26:57 Hand Cart
26:28 Town Watch
26:48 Husbandry
31:34 Imperial Age
31:26 Cavalier
33:10 Blast Furnace
32:47 Plate Barding Armor
33:46 Crop Rotation
34:18 Two-Man Saw
34:02 Gold Shaft Mining
32:49 Savar
35:02 Guilds
35:24 Coinage
37:36 Coinage
38:39 Chemistry
38:15 Conscription
40:42 Stone Mining
52:41 Light Cavalry
Connection lost

Rejoining the realm…

Still unreachable

The connection could not be restored.

Session expired

The server has moved on; the page needs a fresh start.